 Dungeon Crawl Stone Soup version 0.26.1-16-g4e020e15dc (webtiles) character file.

Game seed: 8255157267261282368

82 Mickster the Skirmisher (level 4, -1/38 HPs)
             Began as a Human Wanderer on Feb 12, 2023.
             Slain by a scorpion (3 damage)
             ... on level 4 of the Dungeon.
             The game lasted 00:09:33 (658 turns).

Mickster the Skirmisher (Human Wanderer)             Turns: 658, Time: 00:09:34

Health: -1/38      AC:  9    Str: 14    XL:     4   Next: 70%
Magic:  4/4        EV:  6    Int: 11    God:
Gold:   43         SH:  0    Dex: 13    Spells: 3/3 levels left

rFire    x . .     SeeInvis .   a - +2 hand axe
rCold    + . .     Faith    .   (no shield)
rNeg     . . .     Spirit   .   h - +0 chain mail
rPois    .         Reflect  .   (no helmet)
rElec    .         Harm     .   (no cloak)
rCorr    .         Rampage  .   (no gloves)
Will     .....                  (no boots)
Stlth    ..........             (no amulet)
HPRegen  0.12/turn              j - ring of ice
MPRegen  0.09/turn              (no ring)

@: lethally poisoned (-1 -> -3)
A: no striking features
a: no special abilities


You were on level 4 of the Dungeon.
You visited 1 branch of the dungeon, and saw 3 of its levels.

You collected 43 gold pieces.

Inventory:

Hand Weapons
 a - a +2 hand axe (weapon)
Missiles
 e - 36 arrows
 f - 20 stones (quivered)
 l - 25 bolts
Armour
 c - a +0 ring mail
 h - a +0 chain mail (worn)
Jewellery
 j - a ring of ice (left hand)
Wands
 m - a wand of iceblast (8)
Scrolls
 b - 2 scrolls of teleportation
 d - a scroll of remove curse
Potions
 g - a potion of resistance {unknown}
 i - a potion of invisibility {unknown}
 k - a potion of curing
 n - 2 potions of degeneration {unknown}


   Skills:
 + Level 4.8 Fighting
 + Level 2.4 Axes
 + Level 1.0 Throwing
 + Level 3.4 Armour
 + Level 0.3 Dodging
 + Level 1.0 Stealth


You had 3 spell levels left.
You didn't know any spells.
Your spell library was empty.

Dungeon Overview and Level Annotations

Branches:
Dungeon (2/15)

Altars:


Message History

The scorpion is moderately wounded.
The scorpion stings you but does no damage.
You closely miss the scorpion.
The scorpion is moderately wounded.
You feel sick. The scorpion completely misses you. The scorpion stings you.
You closely miss the scorpion.
The scorpion is moderately wounded.
The scorpion barely misses you.
You closely miss the scorpion.
The scorpion is moderately wounded.
The scorpion stings you.
* * * LOW HITPOINT WARNING * * *
You hit the scorpion.
The scorpion is severely wounded.
You feel sick. The scorpion stings you.
* * * LOW HITPOINT WARNING * * *
You barely miss the scorpion.
The scorpion is severely wounded.
The scorpion stings you.
You die...

##### .. ....# ..#
.$..# . .... ....#..
....## ......#
.......# .....##
.....#.#####.......
......s@(......#
....#..<##.....#
####.#......###.#
#........#....# ..
####>............#. .
.................<..
###....)†......####
##.............## .≈
######..#............#


You could see a scorpion.

Vanquished Creatures
  Ijyb (D:4)
  An orc wizard (D:4)
  2 dart slugs
  3 orcs (D:4)
  3 bats (D:1)
  2 giant cockroaches (D:4)
  A goblin (D:1)
  A hobgoblin (D:1)
  4 jackals (D:4)
  A frilled lizard (D:1)
  5 kobolds
  A rat (D:1)
25 creatures vanquished.

Notes
Turn   | Place    | Note
-------+----------+-------------------------------------------
     0 | D:1      | Mickster the Human Wanderer began the quest for the Orb.
     0 | D:1      | Mickster set off with the following items: a +2 hand axe, a
                  | scroll of teleportation, a +0 ring mail
     0 | D:1      | Reached XP level 1. HP: 19/19 MP: 1/1
   170 | D:1      | Reached XP level 2. HP: 24/25 MP: 2/2
   445 | D:2      | You fall into a shaft and drop 2 floors!
   465 | D:4      | Reached XP level 3. HP: 24/31 MP: 3/3
   493 | D:4      | Reached XP level 4. HP: 10/38 MP: 4/4
   602 | D:4      | Noticed Ijyb
   621 | D:4      | Killed Ijyb
   658 | D:4      | Slain by a scorpion

Illustrated notes

Levels and vault maps discovered:
D:1:      minmay_arrival_stair_chambers, layout_loops_ring
D:2:      layout_basic, pdpol_temple_overflow_zin_treasury_gozag_greed
D:4:      layout_rooms, nicolae_overflow_crystal_walls,
          overflow_temple_1_default, ebering_ghost_disaster_area, uniq_ijyb

Skill      XL: |  1  2  3 |
---------------+----------+-----
Axes           | 2 |  2.4
Fighting       | |  4.8
Throwing       | |  1.0
Armour         | |  3.4
Dodging        | |  0.3
Stealth        | |  1.0

Action                   |  1- 3 |  4- 6 || total
-------------------------+-------+-------++-------
Melee: Hand axe          |    58 |    27 ||    85
Throw: Stone             |       |     4 ||     4
  Use: Scroll            |     3 |     1 ||     4
       Potion            |     2 |       ||     2
Armor: Ring mail         |    18 |       ||    18
       Chain mail        |    41 |    16 ||    57
Dodge: Dodged            |    35 |     9 ||    44
